 Dungeon Crawl Stone Soup version 0.28-a0-1356-g2ad6d04315 (webtiles) character file.

Game seed: 4906476395151734618

4 Armakuni the Chiller (level 1, -3/15 HPs)
             Began as a Human Wanderer on Dec 30, 2021.
             Slain by a gnoll (7 damage)
             ... on level 1 of the Dungeon.
             The game lasted 00:00:51 (205 turns).

Armakuni the Chiller (Human Wanderer)                Turns: 205, Time: 00:00:52

Health: -3/15      AC:  5    Str: 12    XL:     1   Next: 66%
Magic:  11/11      EV: 10    Int: 11    God:
Gold:   11         SH:  0    Dex: 13    Spells: 1/2 levels left

rFire   . . .      SeeInvis .   a - +0 shortbow
rCold   . . .      Faith    .   (shield currently unavailable)
rNeg    . . .      Spirit   .   c - +0 ring mail
rPois   .          Reflect  .   (no helmet)
rElec   .          Harm     .   (no cloak)
rCorr   .          Rampage  .   (no gloves)
Will    .....                   (no boots)
Stlth   +.........              (no amulet)
HPRegen 0.05/turn               P - ring of magical power
MPRegen 0.12/turn               (no ring)

@: no status effects
A: no striking features
a: no special abilities


You were on level 1 of the Dungeon.
You visited 1 branch of the dungeon, and saw 1 of its levels.

You collected 11 gold pieces.

Inventory:

Hand Weapons
 a - a +0 shortbow (weapon)
Missiles
 b - 24 arrows (quivered ammo)
Armour
 c - a +0 ring mail (worn)
Jewellery
 P - a ring of magical power (left hand)


   Skills:
 + Level 1.1 Fighting
 - Level 1.0 Bows
 - Level 3.0 Armour
 - Level 1.0 Dodging
 - Level 1.0 Spellcasting
 - Level 4.0 Ice Magic


You had one spell level left.
You knew the following spells:

 Your Spells              Type           Power      Damage    Failure   Level
a - Freeze                Ice            36%        1d6       13%         1

Your spell library contained the following spells:

 Spells                   Type           Power      Damage    Failure   Level
 Ice Form                 Ice/Tmut       4%         N/A       96%         4
 Summon Ice Beast         Ice/Summ       4%         N/A       96%         4


Dungeon Overview and Level Annotations

Branches:
Dungeon (1/15)

Altars:

Annotations:
D:1 1 runed translucent door


Message History

A rat comes into view.
You shoot an arrow. The arrow closely misses the rat.
You shoot an arrow. The arrow hits the rat.
The rat is heavily wounded.
You shoot an arrow. The arrow completely misses the rat.
You shoot an arrow. The arrow hits the rat!
You kill the rat!
Your Fighting skill increases to level 1!
No target in view!
b - 25 arrows (gained 1)
b - 26 arrows (gained 1)
b - 27 arrows (gained 1)
A ball python and a gnoll come into view.
The ball python hisses angrily.
The gnoll shouts!
You see here an arrow.
There are monsters nearby!
There are monsters nearby!
b - 28 arrows (gained 1)
You see here a ball python corpse.
You aren't carrying any items that you can evoke.
You shoot an arrow. The arrow hits the ball python.
The ball python is moderately wounded.
You shoot an arrow.
The arrow closely misses the ball python.
The arrow completely misses the gnoll.
The ball python bites you but does no damage.
The ball python grabs you. The ball python constricts you.
You shoot an arrow. The arrow hits the ball python.
You kill the ball python!
You aren't carrying any scrolls.
You aren't carrying any potions.
Unknown command.
You aren't carrying any items that you can evoke.
You shoot an arrow. The arrow hits the gnoll.
The gnoll is heavily wounded.
The gnoll hits you with a +0 flail!
Ouch! That really hurt!
* * * LOW HITPOINT WARNING * * *
The gnoll hits you with a +0 flail!
You die...

#.†(.(.(# .# ## ##.
..#.####..# .# ...
... #.#.......#
##.#..#
#.###.#..###.###.
...#..#
##.....#..........
......#
.......#.####.....
...>.##. #....#..#
#.....
........####....##.#
#### #
................@g.#
#######+###....#####
...>§..⌠..#....#
.§.<§§§...#..###
..###§§..⌠+..#
..§§§§§...#..#
###+#######..#


rJJrJrh.. #..# BhBJBh....#..# You could see a gnoll.

Vanquished Creatures
  A hobgoblin (D:1)
  2 ball pythons (D:1)
  2 rats (D:1)
5 creatures vanquished.

Notes
Turn   | Place    | Note
-------+----------+-------------------------------------------
     0 | D:1      | Armakuni the Human Wanderer began the quest for the Orb.
     0 | D:1      | Armakuni set off with the following items: a +0 shortbow,
                  | 30 arrows, a +0 ring mail; and the following spell
                  | memorised: Freeze; and the following spells available to
                  | memorise: Ice Form, Summon Ice Beast
     0 | D:1      | Reached XP level 1. HP: 13/13 MP: 2/2
     1 | D:1      | Found a runed translucent door.
   179 | D:1      | Reached skill level 1 in Fighting
   205 | D:1      | Slain by a gnoll

Illustrated notes

Levels and vault maps discovered:
D:1:      dpeg_arrival_caged_fury, layout_basic, basic_ecumenical_altar

Skill      XL: |  1 |
---------------+----+-----
Fighting       | 1 |  1.1
Bows           | |  1.0
Armour         | |  3.0
Dodging        | |  1.0
Spellcasting   | |  1.0
Ice Magic      | |  4.0

Action                   || total
-------------------------++-------
 Fire: Shortbow          ||    16
  Use: Scroll            ||     1
Armor: Ring mail         ||     1
Dodge: Dodged            ||     2

Table legend: (Time is in decaauts)
 A = Elapsed time spent in this place.
 B = Non-inter-level travel time spent in this place.
 C = Inter-level travel time spent in this place.
 D = Time resting spent in this place.
 E = Time spent auto-exploring this place.
 F = Levels seen in this place.
 G = Mean time per level.
                   A        B        C        D        E       F      G
               +--------+--------+--------+--------+--------+-----+--------+
         Total |    208 |    208 |      0 |      0 |    129 |   1 |  208.0 |
       Dungeon |    208 |    208 |      0 |      0 |    129 |   1 |  208.0 |
               +--------+--------+--------+--------+--------+-----+--------+

Top non-repeatable levels by time:
     D:1: 208 daAuts
